 Dungeon Crawl Stone Soup version 0.19.1 (webtiles) character file.

9956 theElss the Basher (level 11, 0/72 HPs)
             Began as a Gargoyle Berserker on Dec 4, 2016.
             Was a High Priest of Trog.
             Slain by a wolf spider zombie (13 damage)
             ... on level 11 of the Dungeon.
             The game lasted 00:29:21 (9172 turns).

theElss the Basher (Gargoyle Berserker)             Turns: 9172, Time: 00:29:21

Health: 0/72       AC: 18    Str: 26    XL:     11   Next: 54%
Magic:  3/3        EV:  9    Int:  9    God:    Trog [*****.]
Gold:   135        SH: 10    Dex:  9    Spells: 0 memorised, 10 levels left

rFire  . . .     SeeInvis .     U - +2 morningstar (antimagic)
rCold  . . .     Gourm    .     b - +0 ring mail "Omabreseax" {rElec}
rNeg   + . .     Faith    +     V - +0 shield
rPois  ∞         Spirit   .     Q - +0 helmet
rElec  +         Reflect  .     (no cloak)
rCorr  .         Harm     .     J - +2 pair of gloves
MR     ++...                    i - +0 pair of boots
Stlth  ..........               v - amulet of faith
                                (no ring)
                                T - +3 ring of strength

@: exhausted, regenerating
A: negative energy resistance 1, electricity resistance, unbreathing,
petrification resistance, rot immunity, AC +7
a: Berserk, Trog's Hand, Brothers in Arms, Burn Spellbooks, Renounce Religion


You were on level 11 of the Dungeon.
You worshipped Trog.
Trog was extremely pleased with you.
You were very hungry.

You visited 1 branch of the dungeon, and saw 11 of its levels.

You collected 639 gold pieces.
You spent 504 gold pieces at shops.

Inventory:

Hand Weapons
 a - a +0 mace
 j - a +0 whip
 D - a +7 dire flail of protection
 U - a +2 antimagic morningstar (weapon)
Armour
 b - the +0 ring mail "Omabreseax" (worn) {rElec}
   (You found it on level 10 of the Dungeon)

   It insulates you from electricity.
 i - a +0 pair of boots (worn)
 E - a +0 chain mail
 J - a +2 pair of gloves (worn)
 Q - a +0 helmet (worn)
 V - a +0 shield (worn)
Jewellery
 e - the amulet "Kiom" {RegenMP rN++ Str+5 Dex-2, unknown}
   (You found it on level 8 of the Dungeon)

   [amulet of magic regeneration]

   It increases your magic regeneration.
   It affects your strength (+5).
   It affects your dexterity (-2).
   It greatly protects you from negative energy.
 h - an uncursed ring of fire
 v - an amulet of faith (around neck)
 K - an uncursed amulet of harm {unknown}
 T - a +3 ring of strength (left hand)
 W - a +5 amulet of reflection {unknown}
Wands
 y - a wand of random effects (21/48)
 I - a wand of polymorph (13/24)
 N - a wand of lightning (5/15)
Scrolls
 d - 9 scrolls of remove curse
 g - 4 scrolls of magic mapping
 s - 3 scrolls of enchant weapon
 u - 7 scrolls of teleportation
 w - a scroll of holy word
 A - a scroll of fog
 C - 4 scrolls of blinking
 L - 2 scrolls of enchant armour
 R - 4 scrolls of recharging
Potions
 k - a potion of cancellation {unknown}
 m - a potion of magic {unknown}
 o - 2 potions of haste
 p - 2 potions of flight
 q - 5 potions of curing
 r - a potion of resistance
 B - 2 potions of brilliance
 F - a potion of might {unknown}
 H - 3 potions of lignification
 O - a potion of agility {unknown}
 P - a potion of cure mutation {unknown}
Books
 x - a book of Callings

   Spells                             Type                      Level
   a - Summon Small Mammal            Summoning                    1
   b - Call Imp                       Summoning                    2
   c - Call Canine Familiar           Summoning                    3
   d - Summon Guardian Golem          Hexes/Summoning              3
   e - Summon Lightning Spire         Summoning/Air                4
   f - Summon Ice Beast               Ice/Summoning                4
   Trog disapproves of the use of such an item.
 M - a book of Maledictions

   Spells                             Type                      Level
   a - Corona                         Hexes                        1
   b - Ensorcelled Hibernation        Hexes/Ice                    2
   c - Confuse                        Hexes                        3
   d - Tukima's Dance                 Hexes                        3
   e - Dazzling Spray                 Conjuration/Hexes            3
   Trog disapproves of the use of such an item.
 S - a book of Necromancy

   Spells                             Type                      Level
   a - Pain                           Necromancy                   1
   b - Animate Skeleton               Necromancy                   1
   c - Vampiric Draining              Necromancy                   3
   d - Regeneration                   Charms/Necromancy            3
   e - Animate Dead                   Necromancy                   4
   f - Control Undead                 Necromancy                   4
   Trog disapproves of the use of such an item.
Comestibles
 c - 7 bread rations
 f - 3 meat rations
 l - 7 beef jerkies
 t - 9 slices of pizza
 z - a royal jelly
 G - 11 fruits


   Skills:
 - Level 10.1 Fighting
 - Level 14.4 Maces & Flails
 - Level 2.1 Armour
 - Level 1.5 Dodging
 + Level 5.3 Shields


You had 10 spell levels left.
You didn't know any spells.

Dungeon Overview and Level Annotations

Branches:
Dungeon (11/15)            Temple (0/1) D:4            Lair (0/6) D:10
    Orc (0/2) D:10

Altars:
Cheibriados
Elyvilon
Gozag
Sif Muna
Trog
Vehumet
Beogh

Shops:
D:7 **[([   D:10 ?[[(:

Annotations:
D:4 exclusion: statue


Innate Abilities, Weirdness & Mutations

You are resistant to torment.
Your stone body is resilient. (AC +7)
You are immune to poison.
You resist negative energy. (rN+)
You are resistant to electric shocks. (rElec)
You can survive without breathing.
You are immune to petrification.
You are immune to rotting.


Message History

The hellwing hits you.
* * * LOW HITPOINT WARNING * * *
The hellwing barely misses you. x3
Unknown command.
You hit the hellwing.
The hellwing is lightly wounded.
The shadow imp hits the withered plant but does no damage.
The orc hits the withered plant but does no damage.
The wolf spider zombie hits you.
* * * LOW HITPOINT WARNING * * *
The wolf spider zombie bites you but does no damage.
The hellwing hits you but does no damage. x2
You block the hellwing's attack.
The hellwing hits you but does no damage.
You hit the hellwing.
The hellwing is lightly wounded.
The shadow imp grinds its teeth.
The shadow imp hits the withered plant but does no damage.
The wolf spider zombie hits you!
You die...

#..##......... .
#............. ..
#..#......... ...
#.#.........
....####...........
..(................
.....%.....#......#
...........######.##
..########.54@45...#
. #.5##Z{P.... ##.#
Zo5..8P #.P o....8.
#........8.
#.....8....
#.P...8..(.
#.Z.8...∩..


You could see 2 hellwings, a crimson imp, 3 shadow imps, 2 orcs, a wolf spider
zombie and a harpy skeleton.

Vanquished Creatures
  A hill giant (D:10)
  4 centaur zombies
  A gargoyle (D:10)
  A troll (D:9)
  Prince Ribbit (D:6)
  Grinder (D:6)
  2 hippogriffs
  A wraith (D:10)
  A wyvern (D:10)
  A human (D:9)
  Eustachio (D:4)
  3 yaks (D:9)
  4 hogs (D:9)
  4 hungry ghosts
  A steam dragon (D:9)
  A mottled dragon (D:11)
  Edmund (D:4)
  2 hell hounds (D:10)
  A hornet zombie (D:10)
  A black bear (D:7)
  A sky beast (D:9)
  2 ice beasts
  4 orc warriors
  A phantom (D:6)
  An eye of draining (D:9)
  2 ogres
  3 centaurs
  A big kobold (D:9)
  6 bullfrogs
  Blork the orc (D:4)
  2 gnoll sergeants
  A wyvern skeleton (D:9)
  4 scorpions
  8 killer bees
  4 wights (D:9)
  2 crimson imps
  2 quasits (D:9)
  6 hounds
  3 orc priests
  2 centaur skeletons
  2 jellies
  13 orc wizards
  A bullfrog skeleton (D:7)
  6 worker ants
  A worker ant zombie (D:10)
  13 gnolls
  10 adders
  4 shadow imps
  2 adder zombies
  3 adder skeletons
  4 worms
  A dart slug (D:1)
  4 leopard geckos
  53 orcs
  2 ball pythons
  7 bats
  11 giant cockroaches
  16 goblins
  11 hobgoblins
  3 jackals (D:2)
  4 quokkas
  7 frilled lizards
  A jackal skeleton (D:5)
  12 kobolds
  A leopard gecko skeleton (D:4)
  6 rats
  A fungus (D:2)
288 creatures vanquished.

Vanquished Creatures (others)
  A kobold (D:9)
  A quokka (D:9)
  3 withered plants (D:11)
5 creatures vanquished.

Grand Total: 293 creatures vanquished

Notes
Turn   | Place    | Note
-------+----------+-------------------------------------------
     0 | D:1      | theElss the Gargoyle Berserker began the quest for the Orb.
     0 | D:1      | Reached XP level 1. HP: 14/14 MP: 1/1
   300 | D:1      | Reached XP level 2. HP: 19/19 MP: 2/2
   483 | D:1      | Reached XP level 3. HP: 13/24 MP: 3/3
  1024 | D:1      | Reached ** piety under Trog
  1266 | D:2      | Reached skill level 4 in Maces & Flails
  1682 | D:2      | Reached XP level 4. HP: 27/29 MP: 4/4
  2060 | D:3      | Reached XP level 5. HP: 30/34 MP: 5/5
  2077 | D:3      | Reached *** piety under Trog
  2278 | D:3      | Reached skill level 5 in Maces & Flails
  2801 | D:3      | Reached XP level 6. HP: 39/39 MP: 6/6
  3069 | D:4      | Noticed Edmund
  3087 | D:4      | Killed Edmund
  3087 | D:4      | Reached skill level 6 in Maces & Flails
  3258 | D:4      | Found a radiant altar of Vehumet.
  3338 | D:4      | Found a staircase to the Ecumenical Temple.
  3384 | D:4      | Reached skill level 5 in Fighting
  3384 | D:4      | Reached XP level 7. HP: 44/44 MP: 7/7
  3425 | D:4      | Reached **** piety under Trog
  3427 | D:4      | Reached skill level 7 in Maces & Flails
  3445 | D:4      | Noticed Blork the orc
  3452 | D:4      | Killed Blork the orc
  3810 | D:4      | Noticed Eustachio
  3827 | D:4      | Killed Eustachio
  3972 | D:5      | Entered Level 5 of the Dungeon
  4077 | D:5      | Reached skill level 8 in Maces & Flails
  4090 | D:5      | Reached XP level 8. HP: 50/50 MP: 8/8
  4165 | D:5      | Reached skill level 9 in Maces & Flails
  4273 | D:5      | Found an opulent altar of Gozag.
  4970 | D:6      | Noticed Prince Ribbit
  4980 | D:6      | Killed Prince Ribbit
  5132 | D:6      | Reached skill level 10 in Maces & Flails
  5192 | D:6      | Noticed Grinder
  5249 | D:6      | Reached XP level 9. HP: 52/56 MP: 9/9
  5257 | D:6      | Killed Grinder
  5257 | D:6      | Reached ***** piety under Trog
  5426 | D:6      | Found a snail-covered altar of Cheibriados.
  5661 | D:6      | Found a deep blue altar of Sif Muna.
  5733 | D:7      | Found Gedifan's Antique Armour Shop.
  5775 | D:7      | Reached skill level 11 in Maces & Flails
  5793 | D:7      | Found Nujefux's Armour Boutique.
  5857 | D:7      | Found Zylacw's Antique Weapon Emporium.
  5921 | D:7      | Found Jofo's General Store.
  5936 | D:7      | Found Ezenus's Elemental Accessories.
  5938 | D:7      | Bought a potion of degeneration for 13 gold pieces
  5938 | D:7      | Bought a scroll of blinking for 97 gold pieces
  5938 | D:7      | Bought a scroll of teleportation for 39 gold pieces
  5938 | D:7      | Bought a scroll of enchant weapon for 97 gold pieces
  5938 | D:7      | Bought a scroll of recharging for 123 gold pieces
  5938 | D:7      | Bought a potion of flight for 39 gold pieces
  6421 | D:8      | Got a slimy jade amulet
  6527 | D:8      | Reached skill level 12 in Maces & Flails
  6693 | D:9      | Reached XP level 10. HP: 62/64 MP: 10/10
  6732 | D:9      | Received a gift from Trog
  6857 | D:9      | Found a faded altar of an unknown god.
  6857 | D:9      | Found a bloodstained altar of Trog.
  6862 | D:9      | Found a faded altar of an unknown god.
  6864 | D:9      | Found a faded altar of an unknown god.
  6866 | D:9      | Found a faded altar of an unknown god.
  7029 | D:9      | Reached skill level 13 in Maces & Flails
  7124 | D:9      | Found a white marble altar of Elyvilon.
  7191 | D:9      | Received a gift from Trog
  7694 | D:10     | Entered Level 10 of the Dungeon
  7694 | D:10     | Found Faba's Antique Armour Shop.
  7727 | D:10     | Found a staircase to the Lair.
  7846 | D:10     | Noticed a hill giant
  7853 | D:10     | Killed a hill giant
  7853 | D:10     | Reached skill level 14 in Maces & Flails
  7853 | D:10     | Reached XP level 11. HP: 72/72 MP: 11/11
  7898 | D:10     | Found a roughly hewn altar of Beogh.
  8011 | D:10     | Found Idehuji's Magic Scroll Boutique.
  8014 | D:10     | Bought a scroll of identify for 24 gold pieces
  8014 | D:10     | Bought a scroll of identify for 24 gold pieces
  8014 | D:10     | Bought a scroll of identify for 24 gold pieces
  8014 | D:10     | Bought a scroll of identify for 24 gold pieces
  8059 | D:10     | Received a gift from Trog
  8128 | D:10     | Found Fogol's Armour Shoppe.
  8134 | D:10     | Reached skill level 10 in Fighting
  8383 | D:10     | Found Dafihicu's Weapon Shop.
  8422 | D:10     | Found a staircase to the Orcish Mines.
  8438 | D:10     | Found Norphuem's Book Shoppe.
  8721 | D:10     | Got a brightly glowing ring mail
  8890 | D:10     | Identified the +0 ring mail "Omabreseax" {rElec} (You found it on level 10 of the Dungeon)
  8936 | D:10     | Received a gift from Trog
  9160 | D:11     | HP: 3/72 [wolf spider zombie (3)]
  9167 | D:11     | Reached skill level 5 in Shields
  9172 | D:11     | Slain by a wolf spider zombie

Skill      XL: |  1  2  3  4  5  6  7  8  9 10 11 |
---------------+----------------------------------+-----
Fighting       | 4 5 6 8 9 10 | 10.1
Maces & Flails | 4 5 6 8 10 12 14 | 14.4
Shields        | 5 |  5.3
Armour         | |  2.1
Dodging        | |  1.5

Action                   |  1- 3 |  4- 6 |  7- 9 | 10-12 || total
-------------------------+-------+-------+-------+-------++-------
Melee: Mace              |   136 |   185 |       |       ||   321
       Dire flail        |       |    10 |   277 |   279 ||   566
       Whip              |       |       |       |   189 ||   189
       Morningstar       |       |       |       |    17 ||    17
Invok: Berserk           |     1 |     3 |     2 |     5 ||    11
       Trog's Hand       |       |       |       |     2 ||     2
       Brothers in Arms  |       |       |       |     2 ||     2
  Use: Scroll            |       |       |     7 |     6 ||    13
       Potion            |       |       |       |     3 ||     3
  Eat: Chunk             |     4 |     7 |    13 |    17 ||    41
       Meat ration       |       |       |       |     1 ||     1
Armor: Animal skin       |    23 |       |       |       ||    23
       Ring mail         |    49 |    62 |       |   129 ||   240
       Chain mail        |       |     6 |   180 |   189 ||   375
Dodge: Dodged            |    79 |    98 |   110 |   162 ||   449
Block: Shield            |       |       |       |   118 ||   118
